 Dungeon Crawl Stone Soup version 0.23-a0-180-ga5275e7 (webtiles) character file.

110351 Amnesiac the Lord of Darkness (level 16, -4/106 HPs)
             Began as a Mummy Monk on Sept 18, 2018.
             Was the Champion of Kikubaaqudgha.
             Shot with a bolt by a naga sharpshooter (29 damage)
             ... on level 3 of the Snake Pit.
             The game lasted 01:10:14 (29827 turns).

Amnesiac the Lord of Darkness (Mummy Monk)         Turns: 29827, Time: 01:10:15

Health: -4/106     AC: 12    Str: 22    XL:     16   Next: 7%
Magic:  32/40      EV: 12    Int: 16    God:    Kikubaaqudgha [******]
Gold:   775        SH: 20    Dex: 14    Spells: 4/37 levels left

rFire    . . .     SeeInvis .   a - staff of death
rCold    . . .     Gourm    .   N - +2 shield
rNeg     + + +     Faith    .   F - +3 robe "Geboylo" {Regen+ Str+4}
rPois    ∞         Spirit   .   n - +2 helmet
rElec    .         Reflect  +   h - +1 cloak
rCorr    .         Harm     .   i - +0 pair of gloves {Str+3}
MR       ++...                  G - +0 pair of boots
Stlth    +++.......             O - brooch of Shielding {Reflect SH+8}
HPRegen  0.67/turn              t - ring of magical power
MPRegen  0.27/turn              e - ring of fire

@: no status effects
A: no food or potions, fire vulnerability, cold resistance 1, negative energy
resistance 3, torment resistance, unbreathing, in touch with death 1
a: Receive Corpses, Torment, Renounce Religion


You were on level 3 of the Snake Pit.
You worshipped Kikubaaqudgha.
Kikubaaqudgha was exalted by your worship.
You were not hungry.

You visited 5 branches of the dungeon, and saw 24 of its levels.
You also visited: Labyrinth.

You collected 2537 gold pieces.
You spent 1762 gold pieces at shops.

Inventory:

Hand Weapons
 b - a +0 blowgun
 j - the +4 shortbow "Veam" {speed, rF+ rC+ MP+9}
   (You found it on level 4 of the Lair of Beasts)

   Attacks with this weapon are significantly faster.
   It protects you from fire.
   It protects you from cold.
   It affects your magic capacity (+9).
Missiles
 o - 32 poisoned needles
 L - 6 curare-tipped needles
Armour
 g - a +0 buckler
 h - a +1 cloak (worn)
 i - a +0 pair of gloves of strength (worn)
 n - a +2 helmet (worn)
 F - the +3 robe "Geboylo" (worn) {Regen+ Str+4}
   (You found it in a labyrinth)

   It affects your strength (+4).
   It increases your rate of regeneration.
 G - a +0 pair of boots (worn)
 N - a +2 shield (worn)
Magical Staves
 a - an uncursed staff of death (weapon)
 p - an uncursed staff of fire
Jewellery
 c - a +2 ring of evasion
 e - a ring of fire (right hand)
 t - a ring of magical power (left hand)
 u - an uncursed ring of ice
 C - an uncursed ring of wizardry
 M - an uncursed ring of flight
 O - the brooch of Shielding (around neck) {Reflect SH+8}
   (You bought it in a shop on level 2 of the Orcish Mines)

   [amulet of reflection]

   It shields you and reflects attacks.
   It affects your SH (+8).
Wands
 k - a wand of polymorph (45)
 r - a wand of digging (20)
 s - a wand of acid (5)
 y - a wand of flame (55)
 D - a wand of scattershot (7)
 E - a wand of disintegration (18)
 H - a wand of random effects (25)
 I - a wand of iceblast (14)
 P - a wand of paralysis (15)
Scrolls
 d - 4 scrolls of enchant armour {!r}
 f - 6 scrolls of magic mapping {!r}
 l - a scroll of torment {!r}
 m - 3 scrolls of amnesia {!r}
 q - 7 scrolls of remove curse {!r}
 v - 6 scrolls of enchant weapon {!r}
 w - 11 scrolls of identify {!r}
 x - 3 scrolls of teleportation {!r}
 z - 3 scrolls of fear {!r}
 A - 2 scrolls of fog {!r}
 B - 3 scrolls of brand weapon {!r}
 J - 2 scrolls of blinking {!r}
Miscellaneous
 K - a box of beasts
 Q - a phial of floods


   Skills:
 - Level 4.0 Fighting
   Level 4.0 Short Blades
 - Level 12.1 Staves
 - Level 4.1 Dodging
 - Level 4.1 Stealth
 - Level 4.1 Shields
 - Level 11.0 Spellcasting
 + Level 15.8 Necromancy
 - Level 5.0 Transmutations
 - Level 10.0 Earth Magic
 - Level 6.0 Evocations


You had 4 spell levels left.
You knew the following spells:

 Your Spells              Type           Power        Failure   Level  Hunger
a - Borgnjor's Vile Clut  Necr/Erth      #######...   4%          5    N/A
b - Passwall              Tmut/Erth      ####....     2%          2    N/A
c - Animate Dead          Necr           N/A          1%          4    N/A
d - Vampiric Draining     Necr           #######...   1%          3    N/A
e - Dispel Undead         Necr           #######.     1%          5    N/A
f - Petrify               Tmut/Erth      ####....     16%         4    N/A
g - Lee's Rapid Deconstr  Erth           #####.....   16%         5    N/A
s - Corpse Rot            Necr           N/A          1%          2    N/A
v - Blink                 Tloc           N/A          45%         2    N/A
z - Confusing Touch       Hex            #.....       32%         1    N/A

Your spell library contained the following spells:

 Spells                   Type           Power        Failure   Level  Hunger
 Animate Skeleton         Necr           N/A          1%          1    N/A
 Pain                     Necr           ####         1%          1    N/A
 Sandblast                Erth           #####.       1%          1    N/A
 Sticks to Snakes         Tmut           ####....     6%          2    N/A
 Stone Arrow              Conj/Erth      ###...       13%         3    N/A
 Apportation              Tloc           #.....       32%         1    N/A
 Flame Tongue             Conj/Fire      ##...        32%         1    N/A
 Magic Dart               Conj           #...         32%         1    N/A
 Shock                    Conj/Air       #...         32%         1    N/A
 Summon Butterflies       Summ           #.......     32%         1    N/A
 Summon Small Mammal      Summ           #...         32%         1    N/A
 Leda's Liquefaction      Hex/Erth       ###.......   38%         4    N/A
 Call Imp                 Summ           #.......     45%         2    N/A
 Slow                     Hex            #.......     45%         2    N/A
 Swiftness                Chrm/Air       #.......     45%         2    N/A
 Throw Flame              Conj/Fire      ##....       45%         2    N/A
 Ignite Poison            Fire/Tmut/Pois ###.....     45%         3    N/A
 Call Canine Familiar     Summ           #.......     69%         3    N/A
 Conjure Flame            Conj/Fire      ##......     69%         3    N/A
 Inner Flame              Hex/Fire       ##......     69%         3    N/A
 Mephitic Cloud           Conj/Pois/Air  #.......     69%         3    N/A
 Recall                   Summ/Tloc      N/A          69%         3    N/A
 Static Discharge         Conj/Air       #.......     69%         3    N/A
 Airstrike                Air            #.........   97%         4    N/A
 Cause Fear               Hex            #.........   97%         4    N/A
 Sticky Flame             Conj/Fire      ##......     97%         4    N/A
 Summon Ice Beast         Ice/Summ       #.......     97%         4    N/A
 Summon Lightning Spire   Summ/Air       #.......     97%         4    N/A
 Agony                    Necr           #######.     1%          5    N/A
 Death Channel            Necr           #######...   8%          6    N/A
 Excruciating Wounds      Chrm/Necr      ######....   36%         5    N/A
 Yara's Violent Unravell  Hex/Tmut       ###.......   97%         5    N/A
 Infestation              Necr           #######...   98%         8    N/A
 Aura of Abjuration       Summ           #.........   100%        5    N/A
 Fireball                 Conj/Fire      ##........   100%        5    N/A
 Lightning Bolt           Conj/Air       #.........   100%        5    N/A
 Silence                  Hex/Air        #.........   100%        5    N/A
 Summon Demon             Summ           #.........   100%        5    N/A
 Summon Forest            Summ/Tloc      #.........   100%        5    N/A
 Summon Mana Viper        Hex/Summ       #.......     100%        5    N/A
 Bolt of Fire             Conj/Fire      ##........   100%        6    N/A
 Conjure Ball Lightning   Conj/Air       #.........   100%        6    N/A
 Deflect Missiles         Chrm/Air       #.........   100%        6    N/A
 Shadow Creatures         Summ           N/A          100%        6    N/A
 Haunt                    Necr/Summ      ######....   100%        7    N/A
 Ring of Flames           Chrm/Fire      ##........   100%        7    N/A
 Summon Hydra             Summ           #.........   100%        7    N/A
 Discord                  Hex            #.........   100%        8    N/A
 Ignition                 Fire           ##........   100%        8    N/A
 Shatter                  Erth           #####.....   100%        9    N/A
 Tornado                  Air            #.........   100%        9    N/A
 Sublimation of Blood     Necr           Unusable     N/A         2    N/A
 Beastly Appendage        Tmut           Unusable     N/A         1    N/A
 Spider Form              Tmut/Pois      Unusable     N/A         3    N/A
 Ice Form                 Ice/Tmut       Unusable     N/A         4    N/A
 Blade Hands              Tmut           Unusable     N/A         5    N/A
 Borgnjor's Revivificati  Necr           Unusable     N/A         8    N/A
 Hydra Form               Tmut           Unusable     N/A         6    N/A
 Death's Door             Chrm/Necr      Unusable     N/A         8    N/A
 Necromutation            Tmut/Necr      Unusable     N/A         8    N/A

Dungeon Overview and Level Annotations

Branches:
Dungeon (12/15)            Temple (1/1) D:4            Lair (6/6) D:9
 Shoals (0/4) Lair:2        Snake (3/4) Lair:4        Slime (0/5) Lair:6
    Orc (2/2) D:12            Elf (0/3) Orc:2

Altars:
Ashenzari
Cheibriados
Dithmenos
Elyvilon
Fedhas
Gozag
Hepliaklqana
Kikubaaqudgha
Makhleb
Nemelex Xobeh
Okawaru
Qazlal
Ru
Sif Muna
Trog
Uskayaw
Vehumet
Wu Jian
Xom
Yredelemnul
Zin
The Shining One
Beogh

Shops:
D:12 *   Orc:1 }   Orc:2 (=[*

Annotations:
D:7 Dowan, Duvessa
Lair:3 2 runed doors, mopl's ghost, journeyman BaTm
Snake:3 Agnes


Innate Abilities, Weirdness & Mutations

You do not eat or drink.
Your flesh is vulnerable to fire.
You are immune to poison.
Your flesh is cold resistant. (rC+)
You are immune to negative energy. (rN+++)
You are immune to unholy pain and torment.
You can survive without breathing.
You are in touch with the powers of death.


Message History

The naga sharpshooter casts a spell.
The naga sharpshooter magically shoots an arrow.
The arrow hits you!!
The naga sharpshooter gestures wildly while chanting.
The naga sharpshooter magically shoots a bolt.
The bolt hits you.
A black mamba comes into view.
The naga sharpshooter shoots a bolt.
You reflect the bolt off an invisible shield around you!
The bolt barely misses the naga sharpshooter.
You hear an angry hiss.
You hear a shout! x2
The zombie hands constrict the naga sharpshooter!
The salamander barely misses you.
The salamander unwields an uncursed shortbow of flaming.
It stops flaming.
The salamander barely misses you.
The naga sharpshooter struggles to escape constriction.
The naga sharpshooter shoots a bolt.
You reflect the bolt off an invisible shield around you!
The bolt misses the naga sharpshooter.
The bolt hits the naga sharpshooter!!
The naga sharpshooter dies!
You hear an angry hiss.
Found an escape hatch in the ceiling.
Things that are here:
a war axe; a robe; a naga corpse The salamander misses you.
The naga mage gestures wildly while chanting.
The naga mage seems to speed up.
The black mamba closely misses you. You block the salamander's attack. x2
The black mamba bites you but does no damage.
A naga comes into view. It is wielding a short sword.
A black mamba comes into view.
The salamander wields an uncursed shortbow of flaming.
It bursts into flame!
The salamander shoots an arrow.
The arrow barely misses you. The black mamba bites you.
* * * LOW HITPOINT WARNING * * *
You see here an arrow.
A naga comes into view.
It is wielding a scimitar of holy wrath.
The naga shouts!
The naga mage points at you and mumbles some strange words.
The poison arrow reflects off an invisible shield around you!
The poison arrow hits the naga mage.
The naga mage partially resists.
The naga mage is poisoned.
The naga sharpshooter shoots a bolt.
You reflect the bolt off an invisible shield around you!
The bolt hits the naga sharpshooter!
You block the black mamba's attack.
The naga mage hits you but does no damage.
You block the naga mage's attack.
The naga sharpshooter casts a spell.
The naga sharpshooter magically shoots a bolt.
The bolt hits you!!
* * * LOW HITPOINT WARNING * * *
There is an escape hatch in the ceiling here.
You see here 2 bolts.
You block the black mamba's attack.
The naga mage points at you and mumbles some strange words.
The bolt of poison hits you! You resist.
Agnes hits you with a lajatang of pain!
* * * LOW HITPOINT WARNING * * *
You block the black mamba's attack.
The naga sharpshooter mumbles some strange words.
The naga sharpshooter magically shoots a bolt.
The bolt hits you!!
You die...
Kikubaaqudgha rasps: "You have failed me!
Welcome... oblivion!"

#.#.! #.##...#
#...####))(..##
#..#.(..((....#
#..#.####)..#.#
#....###.NNS#.##
#########.####..S#NN.N..
#...<.†.....>..(N.(..N..#
#.......)..#####SN.##.#..
#..........# #@i## .# .
#########....#...## .
####.#.#.# # ...#.#
..##..# .... .## ### . ..


You could see Agnes, a nagaraja, 2 naga sharpshooters, 2 salamanders, 3 black
mambas, a naga mage and 2 nagas.

Vanquished Creatures
  Vashnia (Snake:2)
  Rupert (Lair:4)
  Kirke (Snake:1)
  2 orc warlords
  A minotaur (Lab)
  Snorg (Lair:4)
  Harold (D:6)
  7 hydras
  5 naga warriors
  5 anacondas
  A centaur warrior (D:9)
  2 two-headed ogres
  A catoblepas (Lair:6)
  A deep troll shaman (Lair:6)
  14 death yaks
  6 naga sharpshooters
  An orc high priest (Orc:2)
  2 shock serpents (Snake:2)
  Urug (D:12)
  Sonja (Orc:1)
  A salamander mystic (Snake:1)
  2 unseen horrors
  2 naga ritualists
  A lindwurm (Lair:6)
  Pikel (D:8)
  2 mana vipers
  The ghost of MovingMist the Agent of Entropy, a novice DsAK of Lugonu (D:6)
  7 orc knights
  5 orc sorcerers
  6 ugly things
  A cyclops (D:12)
  4 salamanders
  9 black mambas
  A manticore (D:12)
  10 naga magi
  12 elephants
  2 guardian serpents
  12 spiny frogs
  2 rime drakes
  2 kobold demonologists
  4 komodo dragons
  6 trolls
  3 polar bears
  A queen bee (D:8)
  A slime creature (D:9)
  2 hornets
  12 dream sheep
  7 hippogriffs
  22 blink frogs
  A shadow (D:9)
  4 wraiths
  3 wyverns
  4 basilisks
  5 hogs (Snake:1)
  4 hungry ghosts
  36 yaks
  14 nagas
  A two-headed ogre zombie (D:12)
  4 wargs
  15 water moccasins
  An acid dragon (D:12)
  4 porcupines
  34 orc warriors
  3 ice beasts
  4 slaves (D:8)
  3 phantoms
  7 black bears
  An eye of draining (D:9)
  3 sky beasts
  16 ogres
  A hornet zombie (D:12)
  16 centaurs
  A necrophage (D:10)
  6 wolves (Lair:6)
  14 crocodiles
  2 big kobolds
  18 bullfrogs
  A gnoll sergeant (D:12)
  3 wyvern skeletons
  4 scorpions
  2 troll zombies (D:12)
  16 wights
  22 killer bees
  An electric eel (D:9)
  A howler monkey (D:5)
  5 crimson imps
  2 quasits
  8 hounds
  A bullfrog zombie (D:5)
  13 jellies
  4 centaur skeletons
  10 orc priests
  4 bullfrog skeletons
  4 iguanas
  12 orc wizards
  8 worker ants
  A killer bee zombie (D:6)
  5 ogre zombies (D:12)
  2 hound skeletons
  Robin (D:2)
  A howler monkey zombie (D:10)
  A worker ant zombie (D:10)
  10 gnolls
  5 adders
  3 shadow imps
  3 adder skeletons
  An adder zombie (D:5)
  A worm (D:3)
  2 leopard geckos
  54 orcs
  5 giant cockroaches
  20 goblins
  5 hobgoblins
  2 jackals
  4 quokkas
  A ball python (D:3)
  3 bats
  3 frilled lizards
  A goblin zombie (D:12)
  6 hobgoblin skeletons (D:12)
  A hobgoblin zombie (D:12)
  16 kobolds
  An orc skeleton (D:12)
  16 orc zombies (D:12)
  A quokka zombie (D:5)
  5 rats
  10 fungi
  11 plants
743 creatures vanquished.

Vanquished Creatures (collateral kills)
  A bullfrog skeleton (D:5)
  A frilled lizard (D:5)
2 creatures vanquished.

Vanquished Creatures (others)
  2 naga sharpshooters
  16 fungi
  10 plants
28 creatures vanquished.

Grand Total: 773 creatures vanquished

Notes
Turn   | Place    | Note
-------+----------+-------------------------------------------
     0 | D:1      | Amnesiac the Mummy Monk began the quest for the Orb.
     0 | D:1      | Reached XP level 1. HP: 18/18 MP: 1/1
   219 | D:4      | Found a staircase to the Ecumenical Temple.
   246 | D:4      | Reached XP level 2. HP: 10/24 MP: 2/2
   247 | D:4      | Noticed an ogre
   249 | Temple   | Entered the Ecumenical Temple
   375 | Temple   | Became a worshipper of Kikubaaqudgha
   375 | Temple   | Reached * piety under Kikubaaqudgha
   375 | Temple   | Identified Kikubaaqudgha's Guide on Evil (Kikubaaqudgha
                  | gifted it to you in the Ecumenical Temple)
   375 | Temple   | Received a gift from Kikubaaqudgha
   375 | Temple   | Reached ** piety under Kikubaaqudgha
   781 | D:1      | Reached skill level 1 in Necromancy
   978 | D:2      | Reached skill level 1 in Spellcasting
   978 | D:2      | Reached XP level 3. HP: 14/29 MP: 4/4
   983 | D:2      | Learned a level 3 spell: Vampiric Draining
  1222 | D:2      | Learned a level 2 spell: Corpse Rot
  1254 | D:2      | Noticed Robin
  1280 | D:2      | Killed Robin
  1280 | D:2      | Reached skill level 2 in Necromancy
  1938 | D:3      | Found a faded altar of an unknown god.
  2065 | D:3      | Reached *** piety under Kikubaaqudgha
  2065 | D:3      | Identified Kikubaaqudgha's Collected Works on Evil
                  | (Kikubaaqudgha gifted it to you on level 3 of the Dungeon)
  2065 | D:3      | Received a gift from Kikubaaqudgha
  2267 | D:3      | Reached XP level 4. HP: 35/35 MP: 7/7
  2311 | D:3      | Found an iron altar of Okawaru.
  2670 | D:3      | You fall through a shaft for 3 floors!
  2923 | D:6      | Found a transporter.
  2924 | D:6      | Found a transporter.
  2924 | D:6      | Noticed MovingMist's ghost (novice DsAK)
  2925 | D:6      | Noticed a black bear
  2926 | D:6      | Noticed a black bear
  2997 | D:6      | Reached skill level 1 in Staves
  2997 | D:6      | Reached skill level 3 in Necromancy
  2997 | D:6      | Reached XP level 5. HP: 24/41 MP: 0/9
  3003 | D:6      | Learned a level 4 spell: Animate Dead
  3217 | D:5      | Entered Level 5 of the Dungeon
  3310 | D:5      | Reached skill level 4 in Necromancy
  3310 | D:5      | Reached XP level 6. HP: 41/47 MP: 0/11
  3882 | D:4      | Reached skill level 5 in Necromancy
  3882 | D:4      | Reached XP level 7. HP: 41/52 MP: 13/13
  4469 | D:4      | Found a white marble altar of Elyvilon.
  4471 | D:4      | Found a deep blue altar of Sif Muna.
  4678 | D:5      | Reached skill level 5 in Spellcasting
  4678 | D:5      | Reached skill level 6 in Necromancy
  4992 | D:5      | Reached XP level 8. HP: 58/58 MP: 14/16
  5598 | D:6      | Reached skill level 7 in Necromancy
  5864 | D:6      | Learned a level 5 spell: Dispel Undead
  6107 | D:6      | Killed MovingMist's ghost
  6107 | D:6      | Reached skill level 8 in Necromancy
  6107 | D:6      | Reached XP level 9. HP: 21/63 MP: 0/19
  6267 | D:7      | Noticed Harold
  6388 | D:6      | Learned a level 5 spell: Borgnjor's Vile Clutch
  6412 | D:7      | HP: 1/63 [Harold/glaive of flaming (4)]
  6426 | D:7      | HP: 1/63 [centaur/arrow (3)]
  6437 | D:7      | Noticed Duvessa
  6437 | D:7      | Noticed Dowan
  6448 | D:7      | Noticed Pikel
  6725 | D:8      | Found a snail-covered altar of Cheibriados.
  6887 | D:8      | Reached skill level 1 in Earth Magic
  6906 | D:8      | Reached **** piety under Kikubaaqudgha
  6927 | D:8      | Noticed a queen bee
  6944 | D:8      | Killed a queen bee
  7352 | D:8      | Learned a level 1 spell: Confusing Touch
  7427 | D:8      | Found a radiant altar of Vehumet.
  7427 | D:8      | Found a sparkling altar of Nemelex Xobeh.
  7437 | D:8      | Reached XP level 10. HP: 50/71 MP: 6/22
  7648 | D:8      | Reached skill level 1 in Evocations
  8573 | D:8      | Killed Pikel
  8960 | D:6      | Killed Harold
  9210 | D:9      | Learned a level 2 spell: Passwall
  9472 | D:9      | Noticed a centaur warrior
  9476 | D:9      | Noticed a two-headed ogre
  9484 | D:9      | Killed a centaur warrior
  9484 | D:9      | Reached skill level 9 in Necromancy
  9484 | D:9      | Reached skill level 1 in Transmutations
  9701 | D:9      | Found a staircase to the Lair.
  9804 | D:9      | Found a bloodstained altar of Trog.
  9804 | D:9      | Found a glowing silver altar of Zin.
  9807 | D:9      | Found a basalt altar of Yredelemnul.
  9809 | D:9      | Found a shadowy altar of Dithmenos.
  9859 | D:9      | Reached ***** piety under Kikubaaqudgha
 10169 | D:9      | Killed a two-headed ogre
 10169 | D:9      | Reached XP level 11. HP: 55/77 MP: 22/23
 10349 | D:9      | Got a slimy pewter ring
 10357 | D:9      | Identified the ring "Raselir" {Str+3 Stlth-} (You found it
                  | on level 9 of the Dungeon)
 10467 | D:9      | Got a shimmering gossamer ring
 10528 | Lair:1   | Entered Level 1 of the Lair of Beasts
 10709 | Lair:1   | Learned a level 2 spell: Blink
 11229 | Lair:1   | Identified the ring of Taughybb {rCorr *Contam rN++ Str+5}
                  | (You took it off a wight on level 9 of the Dungeon)
 12335 | Lair:2   | Noticed a six-headed hydra
 12469 | Lair:2   | Killed a six-headed hydra
 12469 | Lair:2   | Reached skill level 10 in Spellcasting
 12478 | Lair:2   | Learned a level 4 spell: Petrify
 12494 | Lair:2   | Found a labyrinth entrance.
 12502 | Lab      | Entered a labyrinth
 12675 | Lab      | Noticed a minotaur
 12686 | Lab      | Killed a minotaur
 12688 | Lab      | Got a vibrating copper ring
 12688 | Lab      | Got a translucent lajatang
 12688 | Lab      | Got a creamy pearl robe
 12702 | Lab      | Identified the +3 robe "Geboylo" {Regen+ Str+4} (You found
                  | it in a labyrinth)
 12714 | Lab      | Identified the +6 lajatang of Massacring {slice, rN+ Str+3}
                  | (You found it in a labyrinth)
 12800 | Lair:2   | Found a staircase to the Shoals.
 13378 | Lair:3   | Found a shattered altar of Ashenzari.
 13395 | Lair:3   | Noticed a death yak
 13399 | Lair:3   | Noticed a death yak
 13399 | Lair:3   | Noticed a death yak
 13399 | Lair:3   | Noticed a death yak
 13401 | Lair:3   | Noticed a death yak
 13470 | Lair:1   | Killed a death yak
 13470 | Lair:1   | Reached skill level 5 in Earth Magic
 13583 | Lair:2   | Killed a death yak
 13662 | Lair:3   | Reached XP level 12. HP: 83/83 MP: 27/27
 13669 | Lair:3   | Learned a level 5 spell: Lee's Rapid Deconstruction
 13873 | Lair:3   | Noticed a death yak
 13875 | Lair:3   | Noticed a death yak
 13875 | Lair:3   | Noticed a death yak
 13876 | Lair:3   | Noticed a death yak
 13881 | Lair:3   | Identified the ring of Misuov {*Corrode rC+ rN+++ MR+
                  | Str+6} (You found it in a labyrinth)
 13894 | Lair:3   | Killed a death yak
 13894 | Lair:3   | Noticed a death yak
 13898 | Lair:3   | Killed a death yak
 13967 | Lair:2   | Killed a death yak
 14147 | Lair:2   | Killed a death yak
 14153 | Lair:2   | Killed a death yak
 14216 | Lair:3   | Noticed a death yak
 14262 | Lair:2   | Killed a death yak
 14270 | Lair:2   | Killed a death yak
 14386 | Lair:3   | Killed a death yak
 14665 | Lair:3   | Reached skill level 10 in Necromancy
 14706 | Lair:3   | Reached skill level 5 in Transmutations
 14900 | Lair:3   | Found a large runed door.
 14900 | Lair:3   | Found a large runed door.
 14901 | Lair:3   | Noticed mopl's ghost (journeyman BaTm)
 15377 | Lair:4   | Noticed Rupert
 15389 | Lair:4   | Killed Rupert
 15618 | Lair:4   | Reached skill level 11 in Necromancy
 15756 | Lair:4   | Noticed a four-headed hydra
 15766 | Lair:4   | Killed a four-headed hydra
 15766 | Lair:4   | Gained mutation: You are in touch with the powers of death.
                  | [Mummy growth]
 15766 | Lair:4   | Reached XP level 13. HP: 39/88 MP: 0/28
 16049 | Lair:4   | Noticed Snorg
 16200 | Lair:4   | Killed Snorg
 16493 | Lair:4   | Got a shimmering shortbow
 16513 | Lair:4   | Identified the +4 shortbow "Veam" {speed, rF+ rC+ MP+9}
                  | (You found it on level 4 of the Lair of Beasts)
 16521 | Lair:4   | Found a staircase to the Snake Pit.
 17027 | Lair:5   | Reached skill level 12 in Necromancy
 17655 | Lair:5   | Reached skill level 13 in Necromancy
 18201 | Lair:6   | Entered Level 6 of the Lair of Beasts
 18229 | Lair:6   | Reached ****** piety under Kikubaaqudgha
 18313 | Lair:6   | Found a staircase to the Slime Pits.
 18685 | Lair:6   | Reached skill level 10 in Earth Magic
 19078 | Lair:6   | Reached XP level 14. HP: 95/95 MP: 28/29
 19193 | Lair:6   | Reached skill level 14 in Necromancy
 19203 | Lair:6   | Reached skill level 5 in Staves
 19587 | Lair:6   | Got a slimy plate armour
 19590 | Lair:6   | Received a gift from Kikubaaqudgha
 19781 | D:10     | Entered Level 10 of the Dungeon
 20608 | D:10     | Found a glowing golden altar of the Shining One.
 20798 | D:11     | Reached skill level 5 in Evocations
 20923 | D:11     | Identified the +9 plate armour "Okhleolata" {Dex+6 Stlth-}
                  | (You found it on level 6 of the Lair of Beasts)
 20959 | D:11     | Got a steaming long sword
 21672 | D:12     | Found a staircase to the Orcish Mines.
 22668 | D:12     | Noticed Urug
 22680 | D:12     | Killed Urug
 23368 | D:12     | Found Hogu's Assorted Antiques.
 23480 | Orc:1    | Entered Level 1 of the Orcish Mines
 23554 | Orc:1    | Found Pypesoirr's Gadget Shop.
 23651 | Orc:1    | Noticed Sonja
 23659 | Orc:1    | Killed Sonja
 23675 | Orc:1    | Identified the +8 long sword "Xuhakel" {flame, Str+4} (You
                  | found it on level 11 of the Dungeon)
 23888 | Orc:1    | Noticed an orc warlord
 24066 | Orc:1    | Killed an orc warlord
 24307 | Orc:2    | Entered Level 2 of the Orcish Mines
 24386 | Orc:1    | Reached XP level 15. HP: 94/100 MP: 27/30
 24417 | Orc:2    | Found a roughly hewn altar of Beogh.
 24425 | Orc:2    | Found a staircase to the Elven Halls.
 24662 | Orc:2    | Found Opleg's Antique Weapon Emporium.
 24664 | Orc:2    | Found Huqehid's Jewellery Boutique.
 24739 | Orc:2    | Found Faemotoh's Antique Armour Shoppe.
 24873 | Orc:2    | Bought a pair of runed gloves for 187 gold pieces
 24975 | Orc:1    | Reached skill level 10 in Staves
 25386 | Orc:2    | Noticed an orc warlord
 25387 | Orc:2    | Found Muemm's General Store.
 25406 | Orc:2    | Killed an orc warlord
 26039 | Snake:1  | Entered Level 1 of the Snake Pit
 26877 | Orc:2    | Bought the brooch of Shielding {Reflect SH+8} for 1275 gold
                  | pieces
 26877 | Orc:2    | Found the brooch of Shielding {Reflect SH+8}
 26893 | Orc:2    | Bought an uncursed ring of fire for 300 gold pieces
 27246 | Snake:1  | Noticed Kirke
 27294 | Snake:1  | Killed Kirke
 27501 | Snake:1  | HP: 3/100 [naga warrior/scimitar (18)]
 27690 | Snake:1  | Identified the Almanac of Dusty Black Rituals
 28095 | Snake:2  | Reached skill level 15 in Necromancy
 28783 | Snake:2  | Noticed Vashnia
 29162 | Snake:2  | Killed Vashnia
 29744 | Snake:3  | Reached XP level 16. HP: 106/106 MP: 31/31
 29820 | Snake:3  | Noticed Agnes
 29827 | Snake:3  | Shot with a bolt by a naga sharpshooter

Vault maps used:
D:1:      saegor_arrival_simple_b, dk_noncrumbling_4
D:2:      uniq_robin
D:3:      cheibrodos_old_hovel, chequers_ecumenical_altar_island,
          okawaru_altar_gauntlet_db
D:4:      black_bear_nest_2, grunt_temple_overflow_open, temple_fountains
D:5:      wad_pebble_path, first_ration
D:6:      gammafunk_ghost_arena
D:7:      uniq_duvessa, uniq_harold, uniq_pikel
D:8:      gammafunk_temple_overflow_wave, david_nohive_1, cheibriados_altar_1
D:9:      minmay_the_grid_triangle_9x9_rhombus_thin_mashed, minitemple,
          dpeg_oklobed_lair, kennysheep_generic_room_15
D:10:     minmay_distorted_concentric_squares, basic_altar
D:12:     cheibrodos_fzero, zombieorc2_lemuel, serial_shops, nicolae_shop_trees,
          uniq_urug
Temple:   eino_narrow_crystal_temple
Lair:2:   elwin_shoals_entry_rocks, lab_entry_generic
Lair:3:   ebering_ghost_disaster_area, basic_altar
Lair:4:   guppyfry_snake_entry_island, grunt_megastairs_2, lemuel_fruit_tree,
          uniq_rupert, uniq_snorg
Lair:5:   grunt_megastairs_1
Lair:6:   grunt_lair_end_beastmaster, minmay_slime_entry_pillars,
          lemuel_fruit_fields
Snake:1:  hangedman_corner_corridor, uniq_kirke
Snake:2:  spider_trap, uniq_vashnia
Snake:3:  st_stairs_9, uniq_azrael, uniq_agnes
Orc:1:    cheibrodos_orc_arena, serial_shops, shop, uniq_sonja
Orc:2:    grunt_orc_gardens, grunt_orc_garden, grunt_orc_garden,
          grunt_orc_garden, grunt_orc_garden, basic_altar,
          nicolae_orc_pool_cavern
Lab:      labyrinth_lava_lair, nicolae_lab_t_cross, lab_fountain

Skill      XL: |  1  2  3  4  5  6  7  8  9 10 11 12 13 14 15 |
---------------+----------------------------------------------+-----
Necromancy     | 1 2 3 4 5 6 8 9 11 13 14 15 | 15.8
Spellcasting   | 1 2 3 4 5 7 8 11 | 11.0
Staves         | 1 2 3 4 9 12 | 12.1
Short Blades   | 3 4 |  4.0
Earth Magic    | 4 5 8 10 | 10.0
Fighting       | 4 |  4.0
Dodging        | 4 |  4.1
Evocations     | 4 6 |  6.0
Stealth        | 4 |  4.1
Transmutations | 1 4 5 |  5.0
Shields        | 2 4 |  4.1

Action                   |  1- 3 |  4- 6 |  7- 9 | 10-12 | 13-15 | 16-18 || total
-------------------------+-------+-------+-------+-------+-------+-------++-------
Melee: Short sword       |   132 |       |       |       |       |       ||   132
       Lajatang          |     7 |   150 |    56 |   113 |       |       ||   326
       Dagger            |       |       |   284 |   689 |       |       ||   973
       Staff             |       |       |       |    20 |  1030 |    10 ||  1060
 Fire: Blowgun           |       |       |       |     1 |       |       ||     1
 Cast: Corpse Rot        |     2 |       |     2 |       |     2 |       ||     6
       Vampiric Draining |       |    13 |    37 |    92 |     6 |       ||   148
       Animate Dead      |       |     1 |       |     1 |     2 |       ||     4
       Dispel Undead     |       |       |     9 |    16 |    50 |       ||    75
       Borgnjor's Vile C |       |       |       |    29 |   223 |     4 ||   256
       Passwall          |       |       |       |     3 |       |       ||     3
       Blink             |       |       |       |     1 |     1 |       ||     2
       Petrify           |       |       |       |     3 |     7 |       ||    10
       Lee's Rapid Decon |       |       |       |       |    19 |       ||    19
       Confusing Touch   |       |       |       |       |     1 |       ||     1
Invok: Receive Corpses   |       |     1 |     1 |       |     1 |       ||     3
       Receive Necronomi |       |       |       |       |     1 |       ||     1
Evoke: Wand              |     1 |     3 |     2 |    12 |     5 |       ||    23
  Use: Scroll            |     8 |     2 |    10 |     5 |     3 |       ||    28
 Stab: Distracted        |       |     2 |     1 |       |     1 |       ||     4
       Sleeping          |       |     1 |     4 |     4 |     8 |       ||    17
       Petrifying        |       |       |       |     1 |     2 |       ||     3
       Petrified         |       |       |       |       |     6 |       ||     6
Armor: Robe              |    21 |    58 |   103 |    39 |   262 |     2 ||   485
       Chain mail        |    18 |       |       |       |       |       ||    18
       Leather armour    |       |       |     1 |   136 |       |       ||   137
Dodge: Dodged            |    77 |   188 |   278 |   492 |   721 |    10 ||  1766
Block: Buckler           |       |       |       |    56 |   233 |       ||   289
       Shield            |       |       |       |       |   156 |    32 ||   188
       Reflection        |       |       |       |       |    26 |     8 ||    34

Table legend:
 A = Non-vault XP
 B = Vault XP
 C = Vault XP percentage of total XP
 D = Non-vault monster count
 E = Vault monster count
 F = Vault count percentage of total count
                 A         B        C        D         E       F
            +---------+---------+-------+---------+---------+-------
      Total |  105287 |   52358 |  33.2 |     521 |     201 |  27.8
            +---------+---------+-------+---------+---------+-------
        D:1 |      25 |       0 |   0.0 |      16 |       0 |   0.0
        D:2 |      24 |      37 |  60.7 |       8 |      13 |  61.9
        D:3 |      18 |      37 |  67.3 |       8 |       7 |  46.7
        D:4 |     268 |     124 |  31.6 |      12 |       1 |   7.7
        D:5 |     842 |       0 |   0.0 |      29 |       0 |   0.0
        D:6 |     926 |    1826 |  66.4 |      12 |       6 |  33.3
        D:7 |     771 |       0 |   0.0 |      11 |       0 |   0.0
        D:8 |    2140 |    1769 |  45.3 |      32 |      15 |  31.9
        D:9 |    1083 |    3293 |  75.3 |       8 |      14 |  63.6
       D:10 |    3444 |    1859 |  35.1 |      34 |      10 |  22.7
       D:11 |    5599 |       0 |   0.0 |      42 |       0 |   0.0
       D:12 |    6620 |    6061 |  47.8 |      50 |      51 |  50.5
     Lair:1 |    2889 |       0 |   0.0 |      11 |       0 |   0.0
     Lair:2 |    9034 |       0 |   0.0 |      22 |       0 |   0.0
     Lair:3 |    6354 |       0 |   0.0 |      19 |       0 |   0.0
     Lair:4 |    7397 |    4365 |  37.1 |      24 |       4 |  14.3
     Lair:5 |   10946 |    1020 |   8.5 |      38 |       2 |   5.0
     Lair:6 |    7530 |    8482 |  53.0 |      25 |      21 |  45.7
    Snake:1 |   14811 |    2955 |  16.6 |      25 |       6 |  19.4
    Snake:2 |   13415 |    6919 |  34.0 |      28 |       4 |  12.5
    Snake:3 |    3596 |     821 |  18.6 |       6 |       1 |  14.3
      Orc:1 |    5324 |    3633 |  40.6 |      52 |      19 |  26.8
      Orc:2 |    1047 |    9157 |  89.7 |       8 |      27 |  77.1
        Lab |    1184 |       0 |   0.0 |       1 |       0 |   0.0
            +---------+---------+-------+---------+---------+-------
